 Dungeon Crawl Stone Soup version 0.29-a0-483-g69413ace17 (webtiles) character file.

Game seed: 14145746694302318857

5870 hquester the Covert (level 10, -1/51 HPs)
             Began as a Spriggan Hunter on May 25, 2022.
             Was a Believer of Sif Muna.
             Slain by a hornet (2 damage)
             ... while paralysed by a hornet
             ... on level 9 of the Dungeon.
             The game lasted 01:19:05 (11915 turns).

hquester the Covert (Spriggan Hunter)              Turns: 11915, Time: 01:19:06

Health: -1/51      AC:  4    Str:  7    XL:     10   Next: 52%
Magic:  22/22      EV:  4    Int: 14    God:    Sif Muna [**....]
Gold:   404        SH:  0    Dex: 20    Spells: 20/23 levels left

rFire   . . .      SeeInvis +   r - +0 dagger (venom)
rCold   . . .      Faith    .   (no shield)
rNeg    . . .      Spirit   .   b - +0 robe
rPois   .          Reflect  .   (helmet restricted)
rElec   .          Harm     .   x - +1 cloak
rCorr   +          Rampage  .   (gloves unavailable)
Will    +....                   (boots unavailable)
Stlth   ++++......              (no amulet)
HPRegen 0.17/turn               v - ring of resist corrosion
MPRegen 0.18/turn               (no ring)

@: paralysed, lethally poisoned (-1 -> -24), about to teleport, slowed, very
quick
A: very small, no large weapons, unfitting armour, see invisible, speed 3
a: Renounce Religion, Channel Magic


You were on level 9 of the Dungeon.
You worshipped Sif Muna.
Sif Muna was pleased with you.
You visited 2 branches of the dungeon, and saw 10 of its levels.

You collected 404 gold pieces.

Inventory:

Hand Weapons
 a - a +5 vorpal hand crossbow
 r - a +0 dagger of venom (weapon)
Missiles
 s - a throwing net
Armour
 b - a +0 robe (worn)
 x - a +1 cloak (worn)
Jewellery
 v - a ring of resist corrosion (left hand)
Wands
 u - a wand of acid (5)
 y - a wand of polymorph (1)
Scrolls
 c - 2 scrolls of immolation
 f - 2 scrolls of brand weapon
 h - a scroll of fog
 j - 2 scrolls of fear
 n - 3 scrolls of blinking
 o - a scroll of vulnerability
 p - 2 scrolls of teleportation
 w - a scroll of magic mapping
 z - a scroll of enchant armour {unknown}
Potions
 d - 3 potions of curing
 e - 3 potions of attraction
 g - 3 potions of mutation {unknown}
 i - 2 potions of brilliance {unknown}
 k - a potion of heal wounds
 l - 2 potions of berserk rage {unknown}
 m - 4 potions of might
 q - a potion of degeneration {unknown}
 t - 3 potions of lignification {unknown}


   Skills:
 + Level 4.9 Fighting
 + Level 8.2 Crossbows
 + Level 7.9 Dodging
 + Level 9.0 Stealth
 + Level 7.4 Spellcasting
 + Level 6.0 Hexes
 + Level 4.2 Invocations
 + Level 5.4 Evocations


You had 20 spell levels left.
You knew the following spells:

 Your Spells              Type           Power      Damage    Failure   Level
a - Tukima's Dance        Hex            22%        N/A       3%          3

Your spell library contained the following spells:

 Spells                   Type           Power      Damage    Failure   Level
 Portal Projectile        Hex/Tloc       26%        N/A       12%         3
 Apportation              Tloc           10%        N/A       14%         1
 Beastly Appendage        Tmut           10%        N/A       14%         1
 Shock                    Conj/Air       20%        1d4       14%         1
 Wereblood                Tmut           5%         N/A       21%         2
 Ozocubu's Armour         Ice            5%         N/A       38%         3
 Spider Form              Tmut/Pois      5%         N/A       38%         3
 Swiftness                Air            5%         N/A       38%         3
 Airstrike                Air            2%         N/A       80%         4
 Alistair's Intoxication  Tmut/Pois      3%         N/A       98%         5
 Blade Hands              Tmut           2%         N/A       98%         5
 Ozocubu's Refrigeration  Ice            2%         4d5       100%        7
 Borgnjor's Revivificati  Necr           2%         N/A       100%        8
 Necromutation            Tmut/Necr      2%         N/A       100%        8
 Death's Door             Necr           2%         N/A       100%        9


Dungeon Overview and Level Annotations

Branches:
Dungeon (9/15)             Temple (1/1) D:4
   Lair: D:8-11         Orc: D:9-12

Altars:
Ashenzari
Cheibriados
Dithmenos
Elyvilon
Gozag
Hepliaklqana
Kikubaaqudgha
Makhleb
Nemelex Xobeh
Okawaru
Qazlal
Ru
Sif Muna
Trog
Uskayaw
Vehumet
Wu Jian
Xom
Yredelemnul
Zin
The Shining One

Shops:
D:6 =


Innate Abilities, Weirdness & Mutations

You are very small and have problems with some larger weapons.
You are too small for most types of armour.
You have supernaturally acute eyesight. (SInv)
You cover ground extremely quickly. (Speed+++)


Message History

You shoot a bolt. The bolt hits the hornet!
Your attack snaps the hornet out of its fear.
The hornet is heavily wounded.
There is a stone staircase leading up here.
You feel yourself speed up.
You climb upwards.
There is a stone staircase leading down here.
You start resting.
HP restored.
You climb downwards.
There is a stone staircase leading up here.
There is a stone staircase leading down here.
You climb downwards.
Found 2 potions of heal wounds, a leather armour and a shiny jade ring.
There is a stone staircase leading up here.
Your +0 dagger of venom begins to drip with poison!
r - a +0 dagger of venom (weapon)
You hit the hornet but do no damage. The hornet stings you!
You are poisoned.
You feel yourself slow down. The hornet stings you!
You are more poisoned.
You feel as though you will be slow longer.
You feel very sick.
There is a stone staircase leading up here.
As you read the scroll of teleportation, it crumbles to dust.
You feel strangely unstable.
* * * LOW HITPOINT WARNING * * *
You feel very sick. The hornet stings you.
* * * LOW HITPOINT WARNING * * *
You are more poisoned.
You feel as though you will be slow longer.
The hornet stings you.
* * * LOW HITPOINT WARNING * * *
You are more poisoned.
You suddenly lose the ability to move!
* * * LOW HITPOINT WARNING * * *
You feel very sick. The hornet barely misses you. The hornet stings you.
You die...

# #. #####
#. #...#
#!##...###
#........#
#........#
##.@y....#
###...###
#...#
.....[
...=h.#
.#.#..# ..
...... .#
...


You could see a hornet and a howler monkey.

Vanquished Creatures
  Erica (D:8)
  A boulder beetle (D:7)
  Pikel (D:4)
  Maurice (D:8)
  A troll (D:7)
  The ghost of dabmancer the Thaumaturge, a novice SpWz (D:5)
  Sigmund (D:2)
  A wyvern (D:8)
  A yak (D:7)
  2 water moccasins
  2 orc warriors (D:7)
  2 ice beasts
  3 sky beasts
  A black bear (D:6)
  3 centaurs
  3 lemures (D:4)
  3 bullfrogs
  2 necrophages (D:6)
  A gnoll sergeant (D:4)
  6 scorpions
  3 howler monkeys (D:8)
  A bullfrog zombie (D:5)
  3 orc priests
  5 hounds
  3 jellies
  4 iguanas
  Terence (D:2)
  Natasha (thrice) (D:2)
  4 orc wizards
  4 gnolls (D:4)
  5 adders
  A white imp (D:7)
  6 ufetubi
  An adder zombie (D:5)
  5 dart slugs
  41 orcs
  4 bats
  6 endoplasms
  2 giant cockroaches
  5 goblins
  8 hobgoblins
  4 jackals (D:2)
  3 quokkas
  11 ball pythons
  A frilled lizard (D:1)
  9 kobolds
  5 rats
185 creatures vanquished.

Vanquished Creatures (collateral kills)
  A centaur (D:7)
1 creature vanquished.

Vanquished Creatures (others)
  A dancing weapon (D:7)
1 creature vanquished.

Grand Total: 187 creatures vanquished

Notes
Turn   | Place    | Note
-------+----------+-------------------------------------------
     0 | D:1      | hquester the Spriggan Hunter began the quest for the Orb.
     0 | D:1      | Reached XP level 1. HP: 10/10 MP: 2/2
   126 | D:1      | Reached skill level 2 in Stealth
   170 | D:1      | Reached XP level 2. HP: 15/15 MP: 3/3
   762 | D:1      | Reached XP level 3. HP: 18/18 MP: 4/4
   925 | D:2      | Noticed Sigmund
  1136 | D:2      | Found a faded altar of an unknown god.
  1206 | D:2      | Noticed Natasha
  1289 | D:2      | Killed Natasha
  1289 | D:2      | Noticed Natasha
  1290 | D:2      | Reached skill level 3 in Stealth
  1290 | D:2      | Reached XP level 4. HP: 14/23 MP: 5/5
  1872 | D:2      | Noticed Terence
  1938 | D:2      | Killed Terence
  1939 | D:2      | Reached skill level 5 in Crossbows
  2104 | D:2      | Killed Natasha
  2105 | D:2      | Reached XP level 5. HP: 27/27 MP: 6/6
  2366 | D:3      | Found a white marble altar of Elyvilon.
  2369 | D:3      | Reached skill level 4 in Stealth
  2643 | D:3      | Found a snail-covered altar of Cheibriados.
  3097 | D:3      | Reached XP level 6. HP: 24/32 MP: 7/7
  3411 | D:4      | Noticed Pikel
  3538 | D:4      | Reached skill level 1 in Hexes
  3709 | D:4      | Reached skill level 1 in Spellcasting
  3730 | D:4      | Found a staircase to the Ecumenical Temple.
  4023 | D:4      | Killed Pikel
  4024 | D:4      | Reached skill level 5 in Dodging
  4024 | D:4      | Reached skill level 5 in Stealth
  4024 | D:4      | Reached XP level 7. HP: 33/36 MP: 8/11
  4293 | D:4      | Reached skill level 6 in Stealth
  4368 | Temple   | Entered the Ecumenical Temple
  4431 | Temple   | Became a worshipper of Sif Muna the Loreminder
  4815 | D:5      | Entered Level 5 of the Dungeon
  4945 | D:5      | Reached XP level 8. HP: 40/40 MP: 13/13
  4993 | D:5      | Found a runed translucent gate.
  4993 | D:5      | Found a runed translucent gate.
  4993 | D:5      | Found a runed translucent gate.
  4993 | D:5      | Noticed dabmancer's ghost (novice SpWz)
  5351 | D:5      | Reached skill level 1 in Evocations
  5400 | D:5      | Reached skill level 1 in Invocations
  5942 | D:5      | Found a basalt altar of Yredelemnul.
  6319 | D:5      | Noticed a troll
  7241 | D:2      | Killed Sigmund
  7336 | D:2      | Noticed Natasha
  7349 | D:2      | Killed Natasha
  7561 | D:5      | Killed dabmancer's ghost
  7890 | D:6      | Found a broken altar of Ashenzari.
  7920 | D:6      | Reached skill level 7 in Stealth
  7920 | D:6      | Reached XP level 9. HP: 45/45 MP: 17/17
  7924 | D:6      | Learned a level 3 spell: Tukima's Dance
  7970 | D:5      | Reached * piety under Sif Muna
  8055 | D:6      | Reached skill level 5 in Spellcasting
  8092 | D:6      | Found a hide-covered altar of Uskayaw.
  8673 | D:6      | Found Jorof's Jewellery Shoppe.
  8872 | D:6      | Found a stormy altar of Qazlal.
  8872 | D:6      | Found a burning altar of Makhleb.
  9293 | D:7      | Noticed a boulder beetle
  9377 | D:7      | Killed a boulder beetle
  9378 | D:7      | Reached skill level 8 in Stealth
  9378 | D:7      | Reached skill level 5 in Hexes
  9382 | D:7      | Noticed a troll
  9453 | D:7      | Killed a troll
  9453 | D:7      | Reached ** piety under Sif Muna
  9454 | D:7      | Reached XP level 10. HP: 29/51 MP: 19/21
 10558 | D:8      | Found a shadowy altar of Dithmenos.
 10619 | D:8      | Noticed Erica
 10737 | D:8      | Killed Erica
 10738 | D:8      | Reached skill level 5 in Evocations
 11063 | D:8      | Noticed Maurice
 11117 | D:8      | Killed Maurice
 11118 | D:8      | Reached skill level 9 in Stealth
 11458 | D:8      | Found an ancient bone altar of Kikubaaqudgha.
 11670 | D:8      | Paralysed by a hornet for 1 turns
 11914 | D:9      | Paralysed by a hornet for 2 turns
 11915 | D:9      | HP: 1/51 [poisoned by a hornet]
 11915 | D:9      | Slain by a hornet

Illustrated notes

Levels and vault maps discovered:
D:1:      beargit_arrival_diablo_church, layout_loops_corners,
          serial_bayou_crossing
D:2:      layout_rooms, ebering_ecumenical_altar_box, uniq_sigmund,
          uniq_natasha, uniq_terence
D:3:      layout_loops_ring, kennysheep_slug_shrine, elyvilon_altar_3
D:4:      layout_basic, minmay_temple_entry_mini_moons,
          kennysheep_generic_room_7, uniq_pikel
D:5:      layout_layer_cave, lemuel_zombie_altar_yredelemnul,
          ebering_ghost_rock_garden
D:6:      layout_loops_cross, mainiacjoe_overflow_chevrons,
          nicolae_overflow_hidden_temple, gammafunk_temple_overflow_wave,
          serial_shops, nicolae_lakefront_shop
D:7:      layout_basic, hangedman_minor_gate_pass
D:8:      layout_basic, mainiacjoe_overflow_alcove_1, grunt_dithmenos_smoke,
          uniq_maurice, uniq_erica
D:9:      layout_loops_ring, minmay_lair_entry_lava, serial_shops,
          nicolae_shop_crystal, minmay_strange_pillars
Temple:   minmay_temple_forest_path

Skill      XL: |  1  2  3  4  5  6  7  8  9 10 |
---------------+-------------------------------+-----
Stealth        | 2 3 4 5 6 7 8 9 |  9.0
Dodging        | 3 4 5 6 7 |  7.9
Fighting       | 2 3 4 |  4.9
Crossbows      | 5 6 7 8 |  8.2
Hexes          | 2 3 5 6 |  6.0
Spellcasting   | 2 4 6 7 |  7.4
Evocations     | 2 4 5 |  5.4
Invocations    | 2 3 4 |  4.2

Action                   |  1- 3 |  4- 6 |  7- 9 | 10-12 || total
-------------------------+-------+-------+-------+-------++-------
Melee: Dagger            |       |       |     2 |    18 ||    20
 Fire: Hand crossbow     |    78 |   226 |   367 |   135 ||   806
 Cast: Tukima's Dance    |       |       |     2 |     6 ||     8
  Use: Scroll            |       |     2 |    12 |     4 ||    18
 Stab: Sleeping          |       |       |     1 |     1 ||     2
Armor: Robe              |       |     1 |     7 |       ||     8
Dodge: Dodged            |     6 |    37 |    55 |    45 ||   143

Table legend: (Time is in decaauts)
 A = Elapsed time spent in this place.
 B = Non-inter-level travel time spent in this place.
 C = Inter-level travel time spent in this place.
 D = Time resting spent in this place.
 E = Time spent auto-exploring this place.
 F = Levels seen in this place.
 G = Mean time per level.
                   A        B        C        D        E       F      G
               +--------+--------+--------+--------+--------+-----+--------+
         Total |   8679 |   8407 |    272 |   1460 |   3996 |  10 |  867.9 |
       Dungeon |   8434 |   8188 |    246 |   1460 |   3790 |   9 |  937.1 |
        Temple |    245 |    219 |     26 |      0 |    206 |   1 |  245.0 |
               +--------+--------+--------+--------+--------+-----+--------+

Top non-repeatable levels by time:
     D:5: 2074 daAuts
     D:7: 1255 daAuts
     D:2: 1125 daAuts
     D:8: 1048 daAuts
     D:4: 1011 daAuts
     D:6: 683 daAuts
     D:3: 622 daAuts
     D:1: 608 daAuts
  Temple: 245 daAuts
     D:9: 5 daAuts
